 Dungeon Crawl Stone Soup version 0.13-a0-2450-ga447c6a (webtiles) character file.

167 Kae the Firebug (level 4, -2/24 HPs)
             Began as a Tengu Fire Elementalist on July 17, 2013.
             Slain by a phantom (5 damage)
             ... on Level 2 of the Dungeon.
             The game lasted 00:03:15 (2241 turns).

Kae the Firebug (Tengu Fire Elementalist)           Turns: 2241, Time: 00:03:15

HP  -2/24        AC  2     Str  8      XL: 4   Next:  6%
MP   4/8         EV 11     Int 16      God:
Gold 107         SH  8     Dex 15      Spells:  2 memorised,  3 levels left

Res.Fire  : . . .   See Invis. : .   r - +0,+2 hand axe (freeze)
Res.Cold  : . . .   Warding    : .   a - +0 robe
Life Prot.: . . .   Conserve   : .   t - +1 buckler
Res.Poison: .       Res.Corr.  : .   (helmet restricted)
Res.Elec. : .       Clarity    : .   (no cloak)
Sust.Abil.: . .     Spirit.Shd : .   (no gloves)
Res.Mut.  : .       Stasis     : .   (boots unavailable)
Res.Rott. : .       Flight     : .   (no amulet)
Saprovore : . . .                    (no ring)
                                     (no ring)

@: slightly resistant to hostile enchantments, fairly stealthy
A: beak, talons 3
a: no special abilities


You were on level 2 of the Dungeon.
You were hungry.

You visited 1 branch of the dungeon, and saw 3 of its levels.

You collected 87 gold pieces.

Inventory:

Hand weapons
 g - a +0,+0 dagger (quivered)
 r - a +0,+2 hand axe of freezing (weapon)
Armour
 a - a +0 robe (worn)
 t - a +1 buckler (worn)
Magical devices
 w - a wand of enslavement (5) {unknown}
Comestibles
 c - 3 bread rations
 j - a pear
 n - a meat ration
 o - a rotting chunk of bat flesh
Scrolls
 d - 4 scrolls of remove curse {unknown}
 e - 4 scrolls of enchant weapon I {unknown}
 f - a scroll of enchant armour {unknown}
 h - a scroll of fog {unknown}
 i - a scroll of enchant weapon II {unknown}
 k - 2 scrolls of identify {unknown}
 l - a scroll of random uselessness {unknown}
 q - 2 scrolls of fear {unknown}
 s - 4 scrolls of teleportation {unknown}
Jewellery
 m - an uncursed amulet of conservation {unknown}
Potions
 p - a potion of magic {unknown}
 u - a potion of heal wounds {unknown}
 v - a potion of flight {unknown}
Books
 b - a book of Flames

   Spells                             Type                      Level
   *Flame Tongue                      Conjuration/Fire             1
   *Throw Flame                       Conjuration/Fire             2
   Conjure Flame                      Conjuration/Fire             3
   Inner Flame                        Hexes/Fire                   3
   Sticky Flame                       Conjuration/Fire             4
   Fireball                           Conjuration/Fire             5


   Skills:
 - Level 2.1 Dodging
 - Level 2.0 Stealth
 + Level 1.9 Spellcasting
 * Level 3.1 Conjurations
 * Level 4.1 Fire Magic


You had 3 spell levels left.
You knew the following spells:

 Your Spells              Type           Power        Failure   Level  Hunger
a - Flame Tongue          Conj/Fire      ##...        8%          1    #......
b - Throw Flame           Conj/Fire      ##....       10%         2    ###....


Dungeon Overview and Level Annotations

Branches:
Dungeon (3/27)

Altars:
Trog


Innate Abilities, Weirdness & Mutations

You have a beak for a mouth.
You have claws for feet.


Message History

The phantom is lightly damaged.
The phantom blinks!
You hit the phantom. Your kick misses the phantom.
The phantom is lightly damaged.
The phantom hits you. The phantom barely misses you. The phantom hits you.
* * * LOW HITPOINT WARNING * * *
You climb upwards.
There is a stone staircase leading down here.
You can't go up here!
You can't go up here!
Unknown command.
You hit the phantom but do no damage.
The phantom is lightly damaged.
The phantom hits you.
* * * LOW HITPOINT WARNING * * *
You hit the phantom but do no damage. You claw the phantom.
The phantom is lightly damaged.
The phantom hits you.
You die...

###########.# #.#
#.# ###### #.#
#....# #.# #....#
#.# ###....####.#
..........#.#######
###....##.#.....@.#
#..(.##.######p.#
#....##.# #..# #
#######.# #..# #
#.# #..# # #.# #..#
# #.# #..#
#########.######..#
......^.....^.....#


You could see a phantom.

Vanquished Creatures
  An adder (D:2)
  A giant gecko (D:1)
  An ooze (D:1)
  2 ball pythons
  9 bats
  A giant cockroach (D:2)
  6 goblins
  4 hobgoblins
  3 jackals (D:2)
  7 giant newts
  7 kobolds
  A quokka (D:2)
  9 rats
52 creatures vanquished.

Vanquished Creatures (others)
  A giant newt (D:2)
1 creature vanquished.

Grand Total: 53 creatures vanquished

Notes
Turn   | Place    | Note
--------------------------------------------------------------
     0 | D:1      | Kae, the Tengu Fire Elementalist, began the quest for the Orb.
     0 | D:1      | Reached XP level 1. HP: 10/10 MP: 3/3
   249 | D:1      | Reached XP level 2. HP: 15/15 MP: 5/5
   274 | D:1      | Learned a level 2 spell: Throw Flame
   952 | D:2      | Reached XP level 3. HP: 19/19 MP: 5/7
  1654 | D:2      | Noticed a moth of wrath
  1708 | D:2      | Found a bloodstained altar of Trog.
  1726 | D:2      | Reached skill level 4 in Fire Magic
  2199 | D:3      | Reached XP level 4. HP: 24/24 MP: 8/8
  2204 | D:3      | Noticed a phantom
  2241 | D:2      | Slain by a phantom

Action                   |  1- 3 |  4- 6 || total
-------------------------+-------+-------++-------
Melee: Unarmed           |     2 |       ||     2
       Dagger            |    14 |       ||    14
       Hand axe          |    12 |     4 ||    16
 Cast: Flame Tongue      |    62 |     6 ||    68
 Stab: Sleeping          |     2 |       ||     2
